 Dungeon Crawl Stone Soup version 0.18.1-50-g88ac8fd (webtiles) character file.

146 Holeefuk the Slasher (level 5, 0/41 HPs)
             Began as a Formicid Fighter on Sept 28, 2016.
             Slain by a gnoll
             ... wielding a +0 spear
              (6 damage)
             ... on level 2 of the Dungeon.
             The game lasted 00:04:20 (1780 turns).

Holeefuk the Slasher (Formicid Fighter)             Turns: 1780, Time: 00:04:21

Health: 0/41       AC:  9    Str: 20    XL:     5   Next: 53%
Magic:  5/5        EV:  5    Int:  8    God:
Gold:   115        SH:  9    Dex: 11    Spells: 0 memorised, 4 levels left

rFire  + . .     SeeInvis +     a - +0 long sword
rCold  . . .     Gourm    .     s - +0 chain mail {rF+}
rNeg   . . .     Faith    .     c - +0 shield
rPois  .         Spirit   .     (helmet unavailable)
rElec  .         Dismiss  .     (no cloak)
rCorr  .         Reflect  .     (no gloves)
SustAt .         Harm     .     (no boots)
MR     .....                    (no amulet)
Stlth  ..........               (no ring)
                                (no ring)

@: not resistant to hostile enchantments, extremely unstealthy
A: permanent stasis, dig shafts and tunnels, four strong arms, antennae 3
a: Dig, Shaft Self


You were on level 2 of the Dungeon.
You were not hungry.

You visited 1 branch of the dungeon, and saw 3 of its levels.

You collected 115 gold pieces.

Inventory:

Hand Weapons
 a - a +0 long sword (weapon)
Armour
 c - a +0 shield (worn)
 s - a +0 chain mail of fire resistance (worn)
Scrolls
 e - 2 scrolls of magic mapping {unknown}
 g - 6 scrolls of remove curse {unknown}
 h - a scroll of teleportation {unknown}
 i - 5 scrolls of identify {unknown}
 j - 2 scrolls of fog {unknown}
 q - 3 scrolls of recharging {unknown}
 r - a scroll of amnesia {unknown}
 t - a scroll of fear {unknown}
Potions
 b - a potion of cancellation {unknown}
 d - a potion of might
 k - a potion of curing {unknown}
 m - 2 potions of brilliance {unknown}
 n - a potion of flight {unknown}
 o - a potion of heal wounds {unknown}
 p - 2 potions of berserk rage {unknown}
Comestibles
 f - 4 bread rations
 l - 2 meat rations


   Skills:
 - Level 3.2 Fighting
 + Level 5.2 Long Blades
 - Level 3.4 Armour
 - Level 3.6 Shields


You had 4 spell levels left.
You didn't know any spells.

Dungeon Overview and Level Annotations

Branches:
Dungeon (3/15)

Altars:


Innate Abilities, Weirdness & Mutations

You are under a permanent stasis effect.
You can dig through walls and to a lower floor.
Your four strong arms can wield two-handed weapons with a shield.
You have a pair of large antennae on your head (SInv).


Message History

You are too injured to fight recklessly!
You are too injured to fight recklessly!
You are too injured to fight recklessly!
You are too injured to fight recklessly!
You slash the gnoll!
You kill the gnoll!
There is a stone staircase leading down here.
You climb downwards.
You block the gnoll's attack. The gnoll barely misses you.
There is a stone staircase leading up here.
The gnoll hits you with a flail. The gnoll hits you with a spear.
* * * LOW HITPOINT WARNING * * *
You climb upwards.
There is a stone staircase leading down here.
Unknown command.
Your shield and chain mail prevent you from hitting the gnoll.
The gnoll barely misses you. You block the gnoll's attack.
You closely miss the gnoll. The gnoll hits you with a flail.
* * * LOW HITPOINT WARNING * * *
The gnoll hits you with a spear.
You die...

############# ###
##.....#.....## ##..
##..g..........###...
####..g@...........#....
#..................#....
#..................#....
#..................#....
#..................#....
#..................#....
#.................###...
#.................# ##..
#.........#.#####.######


You could see 2 gnolls.

Vanquished Creatures
  A gnoll (D:2)
  4 adders
  2 worms (D:3)
  A dart slug (D:1)
  A giant gecko (D:1)
  6 orcs (D:3)
  8 bats
  7 giant cockroaches
  9 hobgoblins
  6 jackals
  4 quokkas
  2 ball pythons
  6 giant newts
  11 goblins
  5 kobolds
  7 rats
80 creatures vanquished.

Notes
Turn   | Place    | Note
--------------------------------------------------------------
     0 | D:1      | Holeefuk the Formicid Fighter began the quest for the Orb.
     0 | D:1      | Reached XP level 1. HP: 18/18 MP: 1/1
   132 | D:1      | Reached XP level 2. HP: 21/24 MP: 2/2
   229 | D:1      | Reached skill level 3 in Long Blades
   274 | D:1      | Reached XP level 3. HP: 14/29 MP: 3/3
   860 | D:2      | Reached skill level 4 in Long Blades
   860 | D:2      | Reached XP level 4. HP: 33/35 MP: 4/4
  1418 | D:3      | Reached XP level 5. HP: 41/41 MP: 5/5
  1617 | D:3      | Reached skill level 5 in Long Blades
  1780 | D:2      | Slain by a gnoll

Skill      XL: |  1  2  3  4  5 |
---------------+----------------+-----
Long Blades    | 3 4 5 |  5.2
Fighting       | |  3.2
Armour         | |  3.4
Shields        | |  3.6

Action                   |  1- 3 |  4- 6 || total
-------------------------+-------+-------++-------
Melee: Long sword        |   134 |   129 ||   263
  Eat: Chunk             |       |     3 ||     3
Armor: Scale mail        |    69 |    20 ||    89
       Chain mail        |       |    37 ||    37
Dodge: Dodged            |    44 |    26 ||    70
Block: Shield            |    80 |    70 ||   150
